 Dungeon Sprint DCSS version 0.21.1-72-gffa868e0fe (webtiles) character file.

1986 Pisosu the Protected (level 9, -4/136 HPs)
             Began as a Minotaur Fighter on Aug 3, 2018.
             Was a Believer of Trog.
             Slain by a demonic crawler (9 damage)
             ... in the Dungeon (Sprint I: "Red Sonja").
             The game lasted 00:02:04 (759 turns).

Pisosu the Protected (Minotaur Fighter)              Turns: 759, Time: 00:02:04

Health: -4/136     AC:  9    Str: 30    XL:     9   Next: 1%
Magic:  8/8        EV: 10    Int:  5    God:    Trog [**....]
Gold:   428        SH: 13    Dex:  9    Spells: 8/8 levels left

rFire    . . .     SeeInvis .   a - +0 war axe
rCold    . . .     Gourm    .   c - +0 shield
rNeg     . . .     Faith    .   b - +0 scale mail
rPois    .         Spirit   .   (helmet restricted)
rElec    .         Reflect  .   (no cloak)
rCorr    .         Harm     .   (no gloves)
MR       .....     NoTele   +   (no boots)
Stlth    ..........             (no amulet)
HPRegen  0.32/turn              (no ring)
MPRegen  0.11/turn              (no ring)

@: berserking (expiring), very quick
A: retaliatory headbutt, horns 2
a: Berserk, Trog's Hand, Burn Spellbooks, Renounce Religion


You were in the Dungeon.
You worshipped Trog.
Trog was pleased with you.
You were not hungry.

You visited 1 branch You collected 428 gold pieces.

Inventory:

Hand Weapons
 a - a +0 war axe (weapon)
Armour
 b - a +0 scale mail (worn)
 c - a +0 shield (worn)
Scrolls
 k - a scroll of blinking
Potions
 d - a potion of might
 e - a potion of curing
 g - a potion of heal wounds
 h - a potion of haste
 i - 2 potions of magic
 j - a potion of berserk rage
Comestibles
 f - a ration
 l - 5 chunks of flesh


   Skills:
 + Level 12.4 Fighting
 + Level 11.3 Axes
 + Level 13.3 Armour
 + Level 2.3 Dodging
 + Level 1.2 Stealth
 + Level 11.7 Shields


You had 8 spell levels left.
You didn't know any spells.

Dungeon Overview and Level Annotations

Branches:
Dungeon (1/1)

Altars:
Cheibriados
Dithmenos
Elyvilon
Fedhas
Gozag
Hepliaklqana
Kikubaaqudgha
Makhleb
Nemelex Xobeh
Okawaru
Qazlal
Ru
Sif Muna
Trog
Uskayaw
Vehumet
Wu Jian
Xom
Yredelemnul
Zin
The Shining One
Jiyva
Lugonu

Shops:
D !


Innate Abilities, Weirdness & Mutations

You reflexively headbutt those who attack you in melee.
You have a pair of horns on your head.


Message History

Your base attributes are Str 24, Int 5, Dex 9.
Increase (S)trength, (I)ntelligence, or (D)exterity?
You feel stronger.
You hit the demonic crawler. You hit the demonic crawler.
The demonic crawler is moderately wounded.
The demonic crawler completely misses you.
You block the demonic crawler's attack. The demonic crawler hits you.
* * * LOW HITPOINT WARNING * * *
You slash the demonic crawler!
Your headbutt misses the demonic crawler.
The demonic crawler is heavily wounded.
You block the demonic crawler's attack.
The demonic crawler completely misses you.
The demonic crawler hits you.
* * * LOW HITPOINT WARNING * * *
You slice the demonic crawler!!
The demonic crawler is almost dead.
You block the demonic crawler's attack. The demonic crawler hits you!
You die...

##################
.#..'..#__#..')..#
.)..#..'^.'..#).†##+#
'#####'#__####..@s..#
.#...#.#### #####..+
##..##.# ## _##'#_.+
..'..._# _##_.#'#
_###+#[# ## ###


You could see a demonic crawler.

Vanquished Creatures
  3 demonic crawlers (D)
  2 kobold demonologists (D)
  A slime creature (D)
  Sigmund (D)
  A yak (D)
  A floating eye (D)
  An ogre (D)
  A jelly (D)
  Ijyb (D)
12 creatures vanquished.

Notes
Turn   | Place    | Note
-------+----------+-------------------------------------------
     0 | D        | Pisosu the Minotaur Fighter began the quest for the Orb.
     0 | D        | Reached XP level 1. HP: 19/19 MP: 0/0
     2 | D        | Noticed Ijyb
     9 | D        | Killed Ijyb
     9 | D        | Reached skill level 5 in Fighting
     9 | D        | Reached skill level 5 in Armour
     9 | D        | Reached skill level 5 in Shields
     9 | D        | Reached XP level 2. HP: 20/29 MP: 1/1
   101 | D        | Noticed an ogre
   105 | D        | Killed an ogre
   105 | D        | Reached skill level 7 in Armour
   105 | D        | Reached XP level 3. HP: 6/39 MP: 2/2
   105 | D        | Reached XP level 4. HP: 7/47 MP: 3/3
   380 | D        | Noticed Sigmund
   397 | D        | Killed Sigmund
   397 | D        | Reached skill level 5 in Axes
   397 | D        | Reached skill level 9 in Armour
   397 | D        | Reached XP level 5. HP: 39/57 MP: 4/4
   397 | D        | Reached XP level 6. HP: 44/63 MP: 5/5
   507 | D        | Found an ornate altar of the Wu Jian Council.
   507 | D        | Found a deep blue altar of Sif Muna.
   509 | D        | Found a radiant altar of Vehumet.
   534 | D        | Found Ginnausk's Distillery.
   534 | D        | Found an ancient bone altar of Kikubaaqudgha.
   534 | D        | Found a hazy altar of Hepliaklqana.
   534 | D        | Found a stormy altar of Qazlal.
   534 | D        | Found a hide-covered altar of Uskayaw.
   534 | D        | Found a blossoming altar of Fedhas.
   534 | D        | Found a bloodstained altar of Trog.
   534 | D        | Found an iron altar of Okawaru.
   534 | D        | Found a basalt altar of Yredelemnul.
   534 | D        | Found a glowing golden altar of the Shining One.
   534 | D        | Found a snail-covered altar of Cheibriados.
   534 | D        | Found a sacrificial altar of Ru.
   534 | D        | Found a glowing silver altar of Zin.
   534 | D        | Found a shadowy altar of Dithmenos.
   534 | D        | Found a white marble altar of Elyvilon.
   534 | D        | Noticed a yak
   538 | D        | Killed a yak
   538 | D        | Reached skill level 10 in Fighting
   538 | D        | Reached skill level 10 in Armour
   539 | D        | Found an opulent altar of Gozag.
   542 | D        | Found a sparkling altar of Nemelex Xobeh.
   547 | D        | Became a worshipper of Trog the Wrathful
   569 | D        | Found a burning altar of Makhleb.
   569 | D        | Found a viscous altar of Jiyva.
   569 | D        | Found a shimmering altar of Xom.
   569 | D        | Found a corrupted altar of Lugonu.
   569 | D        | Noticed a slime creature
   577 | D        | Killed a slime creature
   577 | D        | Reached skill level 11 in Armour
   577 | D        | Reached skill level 10 in Shields
   577 | D        | Reached XP level 7. HP: 52/73 MP: 6/6
   683 | D        | Noticed a kobold demonologist
   684 | D        | Noticed a kobold demonologist
   685 | D        | Noticed a smoke demon
   688 | D        | Noticed a hellwing
   691 | D        | Killed a kobold demonologist
   691 | D        | Reached * piety under Trog
   691 | D        | Reached skill level 12 in Armour
   691 | D        | Reached skill level 1 in Stealth
   693 | D        | Killed a kobold demonologist
   693 | D        | Reached ** piety under Trog
   693 | D        | Reached skill level 1 in Dodging
   693 | D        | Reached XP level 8. HP: 72/83 MP: 7/7
   741 | D        | Noticed a demonic crawler
   741 | D        | Noticed a demonic crawler
   741 | D        | Noticed a demonic crawler
   741 | D        | Noticed a demonic crawler
   749 | D        | Killed a demonic crawler
   749 | D        | Reached skill level 10 in Axes
   752 | D        | Killed a demonic crawler
   752 | D        | Reached skill level 13 in Armour
   756 | D        | Killed a demonic crawler
   756 | D        | Reached XP level 9. HP: 13/91 MP: 8/8
   758 | D        | HP: 5/136 [demonic crawler (5)]
   759 | D        | Slain by a demonic crawler

Skill      XL: |  1  2  3  4  5  6  7  8 |
---------------+-------------------------+-----
Fighting       | 5 7 9 10 11 12 | 12.4
Axes           | 3 5 7 9 11 | 11.3
Armour         | 5 7 9 11 12 13 | 13.3
Shields        | 5 7 8 10 11 | 11.7
Stealth        | 1 |  1.2
Dodging        | 1 2 |  2.3

Action                   |  1- 3 |  4- 6 |  7- 9 || total
-------------------------+-------+-------+-------++-------
Melee: War axe           |     9 |    24 |    26 ||    59
       Headbutt          |     1 |     5 |     6 ||    12
Invok: Berserk           |       |       |     1 ||     1
Armor: Scale mail        |     3 |     3 |    11 ||    17
Dodge: Dodged            |     2 |     8 |    21 ||    31
Block: Shield            |     2 |     9 |    26 ||    37
